Match 45971968
Unlisted

Match 45971968
End
Panzergrenadier Squad
Panzergrenadier Squad
Panzergrenadier Squad
Construct Light Support Kompanie
MG34 Team
Fire Support Elements
Flakvierling Half-track
Vehicle Survival Package
2.5-tonne Medical Truck
Panzerpioneer Squad
Construct Mechanized Kompanie
Veteran Squad Leaders
Assault Mechanized Group
StuG III D Assault Gun
Construct Panzerarmee Kommand
Pak 38 Mechanized Group
Walking Stuka Rocket Launcher
Panzer III L Medium Tank
Sad Pepe
AMIGO
0
0

Comments sign in to comment!

No comments posted yet!